 Dungeon Crawl Stone Soup version 0.17.1-1-g73c8601 (webtiles) character file.

4262 abixa the Basher (level 10, -6/110 HPs)
             Began as an Ogre Skald on Jan 5, 2016.
             Was a Priest of Okawaru.
             Killed by divine providence
             ... invoked by an orc priest
              (15 damage)
             ... on level 9 of the Dungeon.
             The game lasted 00:49:23 (13269 turns).

abixa the Basher (Ogre Skald)                      Turns: 13269, Time: 00:49:23

Health: -6/110     AC:  5    Str: 19      XL:     10   Next: 31%
Magic:  11/16      EV:  9    Int: 14      God:    Okawaru [***...]
Gold:   414        SH:  0    Dex:  7 (9)  Spells: 5 memorised, 6 levels left

rFire  + . .     SeeInvis .     G - +0 dire flail
rCold  . . .     Clarity  .     L - +1 robe {rF+}
rNeg   + . .     SustAt   .     (shield currently unavailable)
rPois  .         Gourm    .     (helmet restricted)
rElec  .         Spirit   .     N - +0 cloak
rCorr  .         Warding  .     (gloves unavailable)
rMut   .         Stasis   .     (boots unavailable)
MR     +....                    (no amulet)
Stlth  +.........               K - ring of positive energy
                                f - ring of wizardry

@: singing, somewhat resistant to hostile enchantments, very unstealthy
A: unfitting armour, tough skin 1
a: Heroism, Renounce Religion, Stop Singing


You were on level 9 of the Dungeon.
You worshipped Okawaru.
Okawaru was most pleased with you.
You were not hungry.

You visited 2 branches of the dungeon, and saw 9 of its levels.

You collected 414 gold pieces.

Inventory:

Hand Weapons
 m - a +0 spear
 o - a +0 flail
 r - a cursed -1 giant club
 t - a +1 mace of protection
 G - a +0 dire flail (weapon)
 H - a +0 mace of protection
Missiles
 b - 5 poisoned tomahawks (quivered)
 g - 8 large rocks
 i - 136 stones
 q - 77 sling bullets
 v - 13 poisoned needles
 y - 12 poisoned sling bullets
 D - 11 tomahawks
Armour
 L - a +1 robe of fire resistance (worn)
 N - a +0 cloak (worn)
Jewellery
 f - a ring of wizardry (left hand)
 K - a ring of positive energy (right hand)
Wands
 E - a wand of flame (48)
Scrolls
 e - 2 scrolls of random uselessness
 j - 8 scrolls of remove curse
 p - a scroll of enchant weapon
 z - 2 scrolls of noise
 J - 3 scrolls of magic mapping
Potions
 a - 3 potions of heal wounds
 n - a potion of cure mutation {unknown}
 u - 4 potions of agility
 w - a potion of curing
 A - a potion of flight {unknown}
 M - a potion of lignification {unknown}
Books
 c - a book of Battle

   Spells                             Type                      Level
   a - Infusion                       Charms                       1
   b - Shroud of Golubria             Charms/Translocation         2
   c - Song of Slaying                Charms                       2
   d - Spectral Weapon                Hexes/Charms                 3
   e - Regeneration                   Charms/Necromancy            3
 O - a book of Alchemy

   Spells                             Type                      Level
   a - Sublimation of Blood           Necromancy                   2
   b - Ignite Poison                  Fire/Transmutation/Poison    3
   c - Alistair's Intoxication        Transmutation/Poison         4
   d - Condensation Shield            Ice                          4
   e - Petrify                        Transmutation/Earth          4
   f - Irradiate                      Conjuration/Transmutation    5
Comestibles
 d - 11 bread rations
 k - 2 meat rations
 l - 7 fruits
 s - a slice of pizza
 I - a beef jerky
 P - a chunk of flesh


   Skills:
 + Level 10.0 Fighting
 + Level 13.1 Maces & Flails
 - Level 1.3 Dodging
 - Level 4.0 Spellcasting
 * Level 2.8 Hexes
 - Level 3.0 Charms
 - Level 3.0 Translocations
 - Level 1.3 Invocations


You had 6 spell levels left.
You knew the following spells:

 Your Spells              Type           Power        Failure   Level  Hunger
a - Infusion              Chrm           ##....       2%          1    None
b - Song of Slaying       Chrm           ##......     4%          2    ##.....
c - Shroud of Golubria    Chrm/Tloc      ##........   4%          2    ##.....
d - Spectral Weapon       Hex/Chrm       ##......     9%          3    ###....
e - Regeneration          Chrm/Necr      #.........   12%         3    ###....


Dungeon Overview and Level Annotations

Branches:
Dungeon (9/15)             Temple (1/1) D:4            Lair (0/8) D:9
    Orc: D:9-12

Altars:
Ashenzari
Dithmenos
Elyvilon
Fedhas
Kikubaaqudgha
Makhleb
Okawaru
Qazlal
Sif Muna
Trog
Vehumet
Yredelemnul
Zin
The Shining One


Innate Abilities, Weirdness & Mutations

You are too large for most types of armour.
You have tough skin (AC +1).


Message History

You feel less vulnerable to hostile enchantments.
The orc warrior hits you with a hand axe!
* * * LOW HITPOINT WARNING * * *
Your shroud bends the warg's attack away.
Things that are here:
a ring mail; an orc corpse You bludgeon the orc warrior!!
The orc warrior is severely wounded.
You hit the orc warrior.
The orc warrior is severely wounded.
The warg bites you but does no damage.
The orc warrior hits you with a hand axe!!
* * * LOW HITPOINT WARNING * * *
Your shroud falls apart!
You closely miss the orc warrior.
The orc warrior is severely wounded.
The warg bites you but does no damage.
The orc priest mumbles some strange prayers to Beogh against you.
Something smites you!
You die...

.# ########.#
#...o@##.#
#####h##.# #h##.#
#S##.# #o##.#
#ho..######
)#####S##...#
#..........h....#
##.#..#####.##...#


You could see 3 wargs, an orc warrior, an orc priest, an adder and an orc.

Vanquished Creatures
  Grinder (D:5)
  Prince Ribbit (D:7)
  Sigmund (D:4)
  Eustachio (D:6)
  A hippogriff (D:3)
  Menkaure (D:6)
  An ice beast (D:7)
  2 black bears
  2 water moccasins
  The ghost of SaintRoka the Sneak, an amateur NaAM (D:4)
  4 orc warriors
  4 ogres
  A necrophage (D:5)
  2 sky beasts
  2 centaurs (D:6)
  2 giant frogs (D:6)
  A gnoll sergeant (D:7)
  2 scorpions
  A quasit (D:7)
  A lava snake (D:9)
  3 crimson imps
  A giant frog zombie (D:6)
  A centaur skeleton (D:6)
  4 orc priests
  A jelly (D:6)
  Crazy Yiuf (D:7)
  2 giant frog skeletons
  4 hounds
  5 orc wizards
  4 iguanas
  8 worker ants
  A killer bee zombie (D:5)
  A hound skeleton (D:6)
  10 adders
  10 gnolls
  3 shadow imps
  2 oozes
  2 adder skeletons (D:4)
  5 worms
  29 orcs
  7 bats
  12 goblins
  13 hobgoblins
  8 kobolds
  4 quokkas
  11 giant cockroaches
  5 giant geckos
  A giant gecko zombie (D:5)
  6 giant newts
  2 jackals (D:1)
  A quokka skeleton (D:4)
  A quokka zombie (D:6)
  27 rats
  A fungus (D:7)
228 creatures vanquished.

Vanquished Creatures (others)
  A plant (D:7)
  A spectral weapon (D:6)
2 creatures vanquished.

Grand Total: 230 creatures vanquished

Notes
Turn   | Place    | Note
--------------------------------------------------------------
     0 | D:1      | abixa the Ogre Skald began the quest for the Orb.
     0 | D:1      | Reached XP level 1. HP: 22/22 MP: 3/3
    46 | D:1      | Reached skill level 3 in Maces & Flails
   220 | D:1      | Reached XP level 2. HP: 22/29 MP: 1/5
   384 | D:1      | Learned a level 2 spell: Song of Slaying
   493 | D:1      | Reached skill level 4 in Maces & Flails
   783 | D:1      | Reached XP level 3. HP: 19/36 MP: 1/6
  1412 | D:1      | Reached skill level 5 in Maces & Flails
  1783 | D:2      | Reached XP level 4. HP: 25/44 MP: 2/7
  1836 | D:2      | Learned a level 2 spell: Shroud of Golubria
  2280 | D:2      | Reached skill level 6 in Maces & Flails
  2432 | D:2      | Reached XP level 5. HP: 23/50 MP: 2/8
  3094 | D:3      | Reached skill level 7 in Maces & Flails
  3498 | D:3      | Noticed a hippogriff
  3875 | D:3      | Killed a hippogriff
  3875 | D:3      | Reached skill level 5 in Fighting
  3875 | D:3      | Reached XP level 6. HP: 24/66 MP: 3/9
  4935 | D:4      | Reached XP level 7. HP: 74/78 MP: 7/10
  4938 | D:4      | Found a staircase to the Ecumenical Temple.
  4954 | D:4      | Noticed Sigmund
  5013 | D:4      | Killed Sigmund
  5013 | D:4      | Reached skill level 8 in Maces & Flails
  5244 | Temple   | Entered the Ecumenical Temple
  5349 | Temple   | Became a worshipper of Warmaster Okawaru
  5589 | D:4      | Noticed SaintRoka's ghost (amateur NaAM)
  5626 | D:4      | Killed SaintRoka's ghost
  5626 | D:4      | Reached skill level 9 in Maces & Flails
  6151 | D:4      | Reached XP level 8. HP: 84/87 MP: 2/11
  6283 | D:4      | Reached skill level 10 in Maces & Flails
  6722 | D:5      | Entered Level 5 of the Dungeon
  6735 | D:5      | Found a deep blue altar of Sif Muna.
  6786 | D:5      | Reached skill level 1 in Translocations
  6914 | D:5      | Reached * piety under Okawaru
  7340 | D:5      | Reached skill level 11 in Maces & Flails
  7768 | D:6      | Reached skill level 1 in Invocations
  7833 | D:6      | Noticed Grinder
  8009 | D:5      | Reached XP level 9. HP: 83/93 MP: 9/12
  8058 | D:5      | Killed Grinder
  8058 | D:5      | Reached ** piety under Okawaru
  8058 | D:5      | Reached skill level 12 in Maces & Flails
  8488 | D:6      | Noticed Menkaure
  9820 | D:6      | Learned a level 3 spell: Spectral Weapon
  9900 | D:6      | Noticed Eustachio
  9948 | D:6      | Killed Eustachio
 10512 | D:6      | Killed Menkaure
 10803 | D:6      | Found a white marble altar of Elyvilon.
 10804 | D:6      | Found a glowing silver altar of Zin.
 10804 | D:6      | Found a glowing golden altar of the Shining One.
 11213 | D:7      | Found a blossoming altar of Fedhas.
 11318 | D:7      | Found an ancient bone altar of Kikubaaqudgha.
 11400 | D:6      | HP: 2/98 [giant frog (5)]
 11872 | D:7      | Reached skill level 1 in Hexes
 11892 | D:7      | Reached *** piety under Okawaru
 11892 | D:7      | Reached XP level 10. HP: 83/107 MP: 9/16
 12237 | D:7      | Reached skill level 13 in Maces & Flails
 12427 | D:7      | Noticed Prince Ribbit
 12445 | D:7      | Killed Prince Ribbit
 12658 | D:7      | Found a blossoming altar of Fedhas.
 12711 | D:7      | Noticed Crazy Yiuf
 12717 | D:7      | Killed Crazy Yiuf
 12934 | D:7      | Reached skill level 10 in Fighting
 13097 | D:7      | You fall through a shaft for 2 floors!
 13218 | D:9      | Learned a level 3 spell: Regeneration
 13228 | D:9      | Found a staircase to the Lair.
 13269 | D:9      | Killed from afar by an orc priest

Action                   |  1- 3 |  4- 6 |  7- 9 | 10-12 || total
-------------------------+-------+-------+-------+-------++-------
Melee: Mace              |   100 |    32 |    52 |       ||   184
       Flail             |       |   182 |   259 |       ||   441
       Dire flail        |       |       |   133 |   106 ||   239
       Spear             |       |       |       |    14 ||    14
Throw: Large rock        |       |     4 |     8 |       ||    12
       Stone             |       |       |    20 |       ||    20
       Throwing net      |       |       |     1 |       ||     1
       Tomahawk          |       |       |       |     3 ||     3
 Cast: Infusion          |    19 |    19 |    38 |     3 ||    79
       Shroud of Golubri |       |     8 |    36 |    11 ||    55
       Song of Slaying   |       |       |     4 |     1 ||     5
       Spectral Weapon   |       |       |     3 |       ||     3
  Use: Scroll            |       |       |     3 |     7 ||    10
       Potion            |       |       |     2 |       ||     2
 Stab: Sleeping          |       |     3 |       |       ||     3
  Eat: Chunk             |     3 |    10 |    20 |     5 ||    38
       Beef jerky        |       |     1 |       |       ||     1
       Meat ration       |       |       |     1 |       ||     1
